 Dungeon Crawl Stone Soup version 0.28-a0-8-g6e044cfa68 (webtiles) character file.

Game seed: 16760200412037106859

44 tilp the Scratcher (level 3, 16/16 HPs)
             Began as a Felid Hedge Wizard on July 23, 2021.
             Quit the game on level 3 of the Dungeon.
             The game lasted 00:07:40 (4474 turns).

tilp the Scratcher (Felid Hedge Wizard)             Turns: 4474, Time: 00:07:40

Health: 16/16      AC:  1    Str:  6    XL:     3   Next: 41%
Magic:  8/8        EV: 17    Int: 16    God:
Gold:   49         SH:  0    Dex: 15    Spells: 3/8 levels left
                                        Lives:  0   Deaths: 1

rFire   . . .      SeeInvis +     - Unarmed
rCold   . . .      Faith    .   (shield unavailable)
rNeg    . . .      Spirit   .   (armour unavailable)
rPois   .          Reflect  .   (helmet unavailable)
rElec   .          Harm     .   (cloak unavailable)
rCorr   .          Rampage  .   (gloves unavailable)
Will    .....                   (boots unavailable)
Stlth   ++........              (no amulet)
HPRegen 0.05/turn               (no ring)
MPRegen 0.11/turn               (no ring)

@: quick
A: very small, claws 1, fangs 3, see invisible, speed 1, shaggy fur 1, stealthy
paws, no weapons or thrown items, no armour, multi-lived
a: no special abilities


You were on level 3 of the Dungeon.
You visited 1 branch of the dungeon, and saw 3 of its levels.

You collected 49 gold pieces.

Inventory:

Scrolls
 a - 3 scrolls of teleportation
 c - a scroll of identify
Potions
 b - a potion of heal wounds
 d - 2 potions of curing


   Skills:
 - Level 2.0 Fighting
 - Level 2.6 Dodging
 - Level 2.6 Stealth
 + Level 3.4 Unarmed Combat
 - Level 3.0 Spellcasting
 - Level 0.8 Conjurations
 - Level 1.0 Summonings
 - Level 1.5 Translocations


You had 3 spell levels left.
You knew the following spells:

 Your Spells              Type           Power      Damage    Failure   Level
a - Magic Dart            Conj           20%        1d4       13%         1
b - Call Imp              Summ           5%         N/A       19%         2
c - Blink                 Tloc           N/A        N/A       16%         2

Your spell library contained the following spells:

 Spells                   Type           Power      Damage    Failure   Level
 Slow                     Hex            2%         N/A       28%         2
 Conjure Flame            Conj/Fire      3%         6-21      43%         3
 Stone Arrow              Conj/Erth      6%         3d7       43%         3
 Mephitic Cloud           Conj/Pois/Air  3%         N/A       45%         3
 Bolt of Magma            Conj/Fire/Erth 1%         4d4       99%         5
 Shatter                  Erth           1%         3d5*      100%        9


Dungeon Overview and Level Annotations

Branches:
Dungeon (3/15)

Altars:
Hepliaklqana
Wu Jian

Portals:
Sewer: D:3


Innate Abilities, Weirdness & Mutations

You have sharp claws.
You have razor-sharp teeth.
You have supernaturally acute eyesight. (SInv)
You cover ground quickly. (Speed+)
You are covered in fur. (AC +1)
Your paws help you pounce on unaware monsters.
You are incapable of wielding weapons or throwing items.
You cannot wear armour.
You gain extra lives every three experience levels.


Message History

You claw the giant cockroach!
You kill the giant cockroach!
Casting: Call Imp (safe; 19% risk of failure)
Confirm with . or Enter, or press ? or * to list all spells.
A beastly little devil appears in a puff of flame.
The worm bites your crimson imp.
Your crimson imp hits the worm.
The worm barely misses your crimson imp.
Your crimson imp barely misses the worm.
Your crimson imp hits the worm.
The worm misses your crimson imp.
Your crimson imp hits the worm but does no damage.
The worm bites your crimson imp.
Your crimson imp hits the worm.
Your crimson imp hits the worm.
The worm bites your crimson imp but does no damage.
You hear the quick rusting of a drain.
Your crimson imp hits the worm but does no damage.
The worm misses your crimson imp.
Your crimson imp hits the worm.
Your crimson imp hits the worm.
The worm bites your crimson imp!
Your crimson imp hits the worm.
The worm dies!
You swap places.
An adder comes into view.
The adder misses you. The adder bites you.
* * * LOW HITPOINT WARNING * * *
Found a glowing drain.
You swap places.
Something bites your crimson imp.
Something completely misses your crimson imp.
Your crimson imp disappears in a puff of smoke!
The adder closely misses you.
Casting: Call Imp (safe; 19% risk of failure)
Confirm with . or Enter, or press ? or * to list all spells.
A beastly little devil appears in a puff of frigid air.
The adder barely misses you. The adder bites you.
You die...
You are now level 3!
You rejoin the land of the living...
Unknown command.
Are you sure you want to abandon this character and quit the game? (Confirm with "yes".)

#......<...# #...<
#..........# #....
##.........## ###..
#...........#####.#
#...........#.....#
#..............####
#................#
#..........###.#.#
*#@........# #...##
##......#.#####...
#####............
#..........#.
#..........##
#..........##
#..>........#
###............
#............#.


There were no monsters in sight!

Vanquished Creatures
  An adder (D:3)
  A dart slug (D:3)
  3 ball pythons
  2 bats (D:2)
  4 endoplasms
  2 giant cockroaches (D:3)
  9 goblins
  6 hobgoblins
  A kobold (D:2)
  7 rats
36 creatures vanquished.

Vanquished Creatures (collateral kills)
  A bullfrog zombie (D:3)
  Robin (D:2)
  3 adders (D:3)
  A worm (D:3)
  A giant cockroach (D:3)
  2 goblins
  A kobold (D:3)
10 creatures vanquished.

Grand Total: 46 creatures vanquished

Notes
Turn   | Place    | Note
-------+----------+-------------------------------------------
     0 | D:1      | tilp the Felid Hedge Wizard began the quest for the Orb.
     0 | D:1      | Reached XP level 1. HP: 7/7 MP: 5/5
   612 | D:1      | Reached skill level 1 in Fighting
   612 | D:1      | Reached skill level 1 in Unarmed Combat
   623 | D:1      | Reached XP level 2. HP: 4/12 MP: 1/7
   626 | D:1      | Learned a level 2 spell: Call Imp
   629 | D:1      | Learned a level 2 spell: Blink
  2063 | D:2      | Noticed Robin
  3504 | D:1      | Reached XP level 3. HP: 15/16 MP: 3/8
  3821 | D:2      | Killed Robin
  3957 | D:3      | Found a hazy altar of Hepliaklqana.
  3997 | D:3      | Found a faded altar of an unknown god.
  4004 | D:3      | Found an ornate altar of the Wu Jian Council.
  4044 | D:3      | Reached XP level 4. HP: 2/19 MP: 4/9
  4469 | D:3      | Found a glowing drain.
  4473 | D:3      | Slain by an adder
  4474 | D:3      | Reached XP level 3. HP: -1/16 MP: 1/8
  4474 | D:3      | Quit the game

Illustrated notes

Levels and vault maps discovered:
D:1:      minmay_arrival_five_plusses, layout_basic
D:2:      layout_basic, hangedman_abyss_or_decor_lesser_grid,
          minmay_split_cup_small, uniq_robin
D:3:      layout_rooms, mainiacjoe_overflow_small_starburst,
          mainiacjoe_overflow_chevrons, lemuel_coloured_pillars_altar,
          shapermc_ecumenical_altar_venn, gup_sewer_entry_spiral,
          uniq_crazy_yiuf_cottage, uniq_natasha

Skill      XL: |  1  2  3  4 |
---------------+-------------+-----
Fighting       | 1 2 |  2.0
Unarmed Combat | 1 2 3 |  3.4
Dodging        | |  2.6
Stealth        | |  2.6
Spellcasting   | |  3.0
Conjurations   | |  0.8
Summonings     | |  1.0
Translocations | |  1.5

Action                   |  1- 3 |  4- 6 || total
-------------------------+-------+-------++-------
Melee: Unarmed           |    76 |    25 ||   101
       Bite              |     3 |     2 ||     5
 Cast: Magic Dart        |    53 |       ||    53
       Call Imp          |    10 |    11 ||    21
       Blink             |     1 |       ||     1
  Use: Scroll            |     7 |     1 ||     8
 Stab: Sleeping          |     1 |       ||     1
Armor: Skin              |     1 |       ||     1
Dodge: Dodged            |    65 |    32 ||    97

Table legend: (Time is in decaauts)
 A = Elapsed time spent in this place.
 B = Non-inter-level travel time spent in this place.
 C = Inter-level travel time spent in this place.
 D = Time resting spent in this place.
 E = Time spent auto-exploring this place.
 F = Levels seen in this place.
 G = Mean time per level.
                   A        B        C        D        E       F      G
               +--------+--------+--------+--------+--------+-----+--------+
         Total |   4116 |   3963 |    153 |   1783 |   1430 |   3 | 1372.0 |
       Dungeon |   4116 |   3963 |    153 |   1783 |   1430 |   3 | 1372.0 |
               +--------+--------+--------+--------+--------+-----+--------+

Top non-repeatable levels by time:
     D:1: 2298 daAuts
     D:2: 1347 daAuts
     D:3: 470 daAuts
